AoeStats
← EmirR6S

Arabia

506703924Analyzed
4v4 RM · 17d ago on Sep 14, 2026· 55m 34s· 8 players
Game mode
Random Map
Map size
Large (8 player)
Population
200
Speed
Normal
Resources
Standard
Victory
Conquest
Starting age
Dark Age
Ending age
Imperial Age
RankedLock teamsTeams togetherTeam positionsShared explorationLock speedFull tech treeHidden civsTurbo modeCheats
Victory
Defeat
🇷🇴 Chinese · Romania
912
+13
🇷🇴 Cumans · Romania
891
+14
🇷🇴 Franks · Romania
813
+17
🇷🇴 Saracens · Romania
806
+17
🇺🇸 Teutons · United States
900
-18
🇧🇷 Vietnamese · Brazil
892
-17
🇹🇷 Lithuanians · Türkiye
780
-13
🇩🇪 Portuguese · Germany
777
-13
MDS Destroyer
10:41 Feudal Age
11:36 Double-Bit Axe
13:00 Gold Mining
21:18 Horse Collar
24:01 Castle Age
22:15 Fletching
24:11 Crossbowman
25:42 Gold Shaft Mining
25:24 Thumb Ring
25:32 Bodkin Arrow
25:33 Loom
26:38 Crossbowman
27:49 Padded Archer Armor
28:44 Bow Saw
32:23 Wheelbarrow
34:42 Hand Cart
34:53 Heavy Plow
36:14 Ballistics
38:44 Leather Archer Armor
39:31 Caravan
47:39 Imperial Age
47:42 Arbalester
49:28 Chemistry
48:33 Bracer
49:04 Ring Archer Armor
George Droyd
0:36 Loom
10:53 Feudal Age
15:02 Castle Age
14:55 Double-Bit Axe
15:07 Horse Collar
21:38 Crossbowman
24:32 Heavy Plow
26:07 Bow Saw
25:51 Gold Mining
25:52 Stone Mining
28:10 Wheelbarrow
28:56 Gold Shaft Mining
29:43 Hand Cart
31:20 Stone Shaft Mining
31:39 Pikeman
33:48 Padded Archer Armor
33:38 Fletching
36:37 Imperial Age
35:08 Squires
34:53 Arson
36:56 Elite Fire Lancer
36:57 Halberdier
37:00 Arbalester
37:45 Thumb Ring
38:46 Leather Archer Armor
38:26 Bodkin Arrow
38:32 Scale Mail Armor
38:42 Forging
39:58 Thumb Ring
43:27 Ring Archer Armor
42:57 Bracer
43:13 Chain Mail Armor
43:33 Iron Casting
49:22 Plate Mail Armor
49:52 Blast Furnace
53:35 Elite Chu Ko Nu
55:19 Spies/Treason
EmirR6S
11:30 Feudal Age
9:50 Loom
19:30 Castle Age
20:23 Double-Bit Axe
22:07 Wheelbarrow
23:43 Stone Mining
23:43 Gold Mining
25:05 Bow Saw
28:06 Hand Cart
28:48 Fletching
28:59 Padded Archer Armor
29:06 Steppe Husbandry
29:15 Gold Mining
29:13 Horse Collar
29:48 Town Watch
31:26 Thumb Ring
34:00 Imperial Age
31:36 Heavy Plow
32:26 Town Patrol
34:08 Elite Kipchak
34:59 Cuman Mercenaries
35:22 Conscription
35:31 Parthian Tactics
34:26 Heavy Cavalry Archer
36:12 Ballistics
36:47 Bodkin Arrow
37:07 Leather Archer Armor
43:57 Ring Archer Armor
50:05 Spies/Treason
YANNICKKO
12:01 Feudal Age
10:17 Loom
18:18 Castle Age
24:53 Double-Bit Axe
28:00 Stone Mining
28:52 Gold Mining
29:14 Bow Saw
33:52 Imperial Age
31:58 Wheelbarrow
32:13 Gold Shaft Mining
31:47 Scale Barding Armor
31:53 Forging
34:17 Cavalier
41:34 Paladin
44:13 Chain Barding Armor
44:29 Iron Casting
48:06 Plate Barding Armor
48:32 Blast Furnace
47:57 #83
46:58 Elite Throwing Axeman
47:38 Chivalry
Zar
12:48 Feudal Age
12:57 Loom
14:13 Double-Bit Axe
18:49 Castle Age
19:31 Bloodlines
21:06 Scale Barding Armor
21:12 Forging
24:01 Horse Collar
26:19 Gold Mining
28:27 Bloodlines
30:07 Wheelbarrow
29:18 Town Watch
31:29 Hand Cart
35:40 Imperial Age
34:04 Chain Barding Armor
34:14 Elite Skirmisher
35:15 Fletching
35:25 Padded Archer Armor
35:33 Caravan
35:44 Cavalier
38:00 Imperial Skirmisher
38:51 Paladin
40:56 Bodkin Arrow
41:16 Leather Archer Armor
Muki-Bude
10:53 Feudal Age
17:12 Castle Age
15:22 Double-Bit Axe
16:30 Horse Collar
18:19 Bow Saw
22:44 Heavy Plow
31:20 Imperial Age
29:59 Wheelbarrow
28:54 Pikeman
30:56 Gold Mining
31:15 Caravan
32:30 Conscription
34:43 Arquebus
36:37 Two-Man Saw
36:59 Chemistry
36:55 Ballistics
38:28 Elite Skirmisher
38:54 Elite Organ Gun
39:06 Imperial Skirmisher
40:52 Fletching
41:03 Padded Archer Armor
41:48 Bodkin Arrow
42:35 Bracer
42:50 Leather Archer Armor
55:27 Bombard Tower
Rearte7
2:30 Loom
11:05 Feudal Age
11:35 Town Watch
15:17 Double-Bit Axe
16:05 Horse Collar
24:07 Castle Age
22:48 Bloodlines
22:51 Fletching
25:01 Thumb Ring
25:20 Padded Archer Armor
25:39 Gold Mining
28:04 Bodkin Arrow
30:23 Husbandry
31:59 Leather Archer Armor
34:25 Ballistics
Dirty Harry
10:20 Feudal Age
8:36 Loom
19:59 Castle Age
18:06 Man-at-Arms
20:38 Pikeman
21:46 Horse Collar
24:46 Double-Bit Axe
25:12 Heavy Plow
27:43 Scale Barding Armor
29:16 Bow Saw
29:29 Husbandry
31:28 Wheelbarrow
33:57 Long Swordsman
38:12 Imperial Age
38:57 Tower Shields
40:38 Two-Handed Swordsman
Connection lost

Rejoining the realm…

Still unreachable

The connection could not be restored.

Session expired

The server has moved on; the page needs a fresh start.